| TOP OF THE 1ST |
|
Staten Island Yankees batting - Pitching for Everett AquaSox : RHP Nick Doty
|
|
Pitching: RHP Nick Doty
|
|
|
Batting: RHB Luwen Storm
|
0-0: Ball 1-0: Foul Ball, location: 2F 1-1: Called Strike 1-2: Foul Ball, location: 2F 1-2: Ball 2-2: SINGLE (Groundball, 56S, EV 70.0 MPH) (infield hit)
|
|
Batting: LHB Roald Jacobs
|
0-0: Ball 1-0: Called Strike Luwen Storm steals 2nd base 1-1: Ball 2-1: Foul Ball, location: 2F 2-2: Ball 3-2: Ground out U3 (Groundball, 34S, EV 83.8 MPH) Luwen Storm to third
|
|
Batting: LHB Tatsuo Yasui
|
0-0: Swinging Strike 0-1: Foul Ball, location: 2F 0-2: Foul Ball, location: 2F 0-2: Ball 1-2: Fly out, F8 (Flyball, 8LM, EV 81.9 MPH) Runner from 3rd tags up, SCORES, throw by CF
|
|
Batting: LHB Claudio Kamminga
|
0-0: Ball 1-0: Foul Ball, location: 2F 1-1: Foul Ball, location: 2F 1-2: Strikes out swinging
|
| Top of the 1st over - 1 run, 1 hit, 0 errors, 0 left on base; Staten Island 1 - Everett 0 |
| BOTTOM OF THE 1ST |
|
Everett AquaSox batting - Pitching for Staten Island Yankees : RHP Jorge Aranda
|
|
Pitching: RHP Jorge Aranda
|
|
|
Batting: RHB Houston Brock
|
0-0: Ball 1-0: Ball 2-0: Foul Ball, location: 2F 2-1: Ball 3-1: Fly out, F7 (Flyball, 78S, EV 86.3 MPH)
|
|
Batting: RHB Mike Conaway
|
0-0: Ball 1-0: Ball 2-0: Ball 3-0: Base on Balls
|
|
Batting: RHB Tze-meng Li
|
0-0: Called Strike 0-1: Foul Ball, location: 2F 0-2: Ball Mike Conaway steals 2nd base (no throw) 1-2: Ball 2-2: Fly out, F3 (Popup, 3F, EV 61.9 MPH)
|
|
Batting: RHB Chris Olheiser
|
0-0: Called Strike 0-1: Ball 1-1: Foul Ball, location: 2F 1-2: Strikes out swinging, 2-3 out at first.
|
| Bottom of the 1st over - 0 runs, 0 hits, 0 errors, 1 left on base; Staten Island 1 - Everett 0 |
| TOP OF THE 2ND |
|
Staten Island Yankees batting - Pitching for Everett AquaSox : RHP Nick Doty
|
|
Batting: LHB Mario Hurtado
|
0-0: Ball 1-0: Fly out, F7 (Flyball, 7S, EV 95.0 MPH)
|
|
Batting: RHB Lorenzo Vasquez
|
0-0: Called Strike 0-1: Foul Ball, location: 2F 0-2: Strikes out swinging
|
|
Batting: RHB Nick Massengale
|
0-0: Ball 1-0: Ball 2-0: Foul Ball, location: 2F 2-1: Swinging Strike 2-2: Ball 3-2: Strikes out swinging
|
| Top of the 2nd over - 0 runs, 0 hits, 0 errors, 0 left on base; Staten Island 1 - Everett 0 |
| BOTTOM OF THE 2ND |
|
Everett AquaSox batting - Pitching for Staten Island Yankees : RHP Jorge Aranda
|
|
Batting: LHB Taki Matsui
|
0-0: Foul Ball, location: 2F 0-1: Ball 1-1: Called Strike 1-2: Ball 2-2: Foul Ball, location: 2F 2-2: Ball 3-2: Strikes out swinging
|
|
Batting: RHB Victor Rosas
|
0-0: Ball 1-0: Ball 2-0: Ground out 6-3 (Groundball, P, EV 85.0 MPH)
|
|
Batting: RHB Heihachiro Fujita
|
0-0: Ball 1-0: Ball 2-0: Ball 3-0: Base on Balls
|
|
Batting: RHB Chris Van Niel
|
0-0: Ball Heihachiro Fujita is caught stealing 2nd base 2-4
|
| Bottom of the 2nd over - 0 runs, 0 hits, 0 errors, 0 left on base; Staten Island 1 - Everett 0 |
| TOP OF THE 3RD |
|
Staten Island Yankees batting - Pitching for Everett AquaSox : RHP Nick Doty
|
|
Batting: SHB Victor Martinez
|
0-0: Called Strike 0-1: Called Strike 0-2: Ball 1-2: Strikes out looking
|
|
Batting: SHB Plácido Barrrenho
|
0-0: Ball 1-0: Called Strike 1-1: Ball 2-1: Ground out U3 (Groundball, 3, EV 78.8 MPH)
|
|
Batting: RHB Luwen Storm
|
0-0: Ball 1-0: Ball 2-0: Called Strike 2-1: SINGLE (Groundball, 6D, EV 101.3 MPH)
|
|
Batting: LHB Roald Jacobs
|
0-0: Foul Ball, location: 2F 0-1: Ball Luwen Storm steals 2nd base (no throw) 1-1: Ball 2-1: Ground out U3 (Groundball, 3, EV 88.1 MPH)
|
| Top of the 3rd over - 0 runs, 1 hit, 0 errors, 1 left on base; Staten Island 1 - Everett 0 |
| BOTTOM OF THE 3RD |
|
Everett AquaSox batting - Pitching for Staten Island Yankees : RHP Jorge Aranda
|
|
Batting: RHB Chris Van Niel
|
0-0: Ball 1-0: Ball 2-0: Ball 3-0: Called Strike 3-1: Base on Balls
|
|
Batting: RHB David Greene
|
0-0: Called Strike 0-1: Called Strike 0-2: Strikes out swinging
|
|
Batting: RHB Houston Brock
|
0-0: Called Strike Chris Van Niel steals 2nd base 0-1: Ball 1-1: SINGLE (Groundball, 6S, EV 68.1 MPH) (infield hit) Chris Van Niel to third
|
|
Batting: RHB Mike Conaway
|
0-0: Called Strike Houston Brock steals 2nd base 0-1: Foul Ball, location: 2F 0-2: Foul Ball, location: 2F 0-2: Ball 1-2: Ball 2-2: Strikes out swinging
|
|
Batting: RHB Tze-meng Li
|
0-0: Called Strike 0-1: Ball 1-1: Ball 2-1: Fly out, F9 (Flyball, 89S, EV 81.9 MPH)
|
| Bottom of the 3rd over - 0 runs, 1 hit, 0 errors, 2 left on base; Staten Island 1 - Everett 0 |
| TOP OF THE 4TH |
|
Staten Island Yankees batting - Pitching for Everett AquaSox : RHP Nick Doty
|
|
Batting: LHB Tatsuo Yasui
|
0-0: Ball 1-0: Called Strike 1-1: Ball 2-1: SINGLE (Line Drive, 5D, EV 103.8 MPH)
|
|
Batting: LHB Claudio Kamminga
|
0-0: Ball Tatsuo Yasui is caught stealing 2nd base 2-6 1-0: Foul Ball, location: 2F 1-1: Ball 2-1: Ball 3-1: Called Strike 3-2: Foul Ball, location: 2F 3-2: Foul Ball, location: 2F 3-2: Strikes out looking
|
|
Batting: LHB Mario Hurtado
|
0-0: Ground out 4-3 (Groundball, 4, EV 85.0 MPH)
|
| Top of the 4th over - 0 runs, 1 hit, 0 errors, 0 left on base; Staten Island 1 - Everett 0 |
| BOTTOM OF THE 4TH |
|
Everett AquaSox batting - Pitching for Staten Island Yankees : RHP Jorge Aranda
|
|
Batting: RHB Chris Olheiser
|
0-0: SINGLE (Groundball, 4MD, EV 95.6 MPH)
|
|
Batting: LHB Taki Matsui
|
0-0: Ball 1-0: Called Strike 1-1: Swinging Strike 1-2: Ball 2-2: Strikes out swinging
|
|
Batting: RHB Victor Rosas
|
0-0: SINGLE (Groundball, 4D, EV 99.4 MPH) Chris Olheiser to second Runner from 2nd tries for 3rd, SAFE after rundown.
|
|
Batting: RHB Heihachiro Fujita
|
0-0: Fly out, F9 (Flyball, 9, EV 88.8 MPH) Runner from 3rd tags up, SCORES, throw by RF
|
|
Batting: RHB Chris Van Niel
|
0-0: Called Strike 0-1: Called Strike 0-2: Strikes out swinging
|
| Bottom of the 4th over - 1 run, 2 hits, 0 errors, 1 left on base; Staten Island 1 - Everett 1 |
| TOP OF THE 5TH |
|
Staten Island Yankees batting - Pitching for Everett AquaSox : RHP Nick Doty
|
|
Batting: RHB Lorenzo Vasquez
|
0-0: Called Strike 0-1: DOUBLE (Line Drive, 9LS, EV 113.8 MPH)
|
|
Batting: RHB Nick Massengale
|
0-0: Ball 1-0: Ball 2-0: Foul Ball, location: 2F 2-1: Ball 3-1: Fly out, F4 (Popup, 4MD, EV 59.4 MPH)
|
|
Batting: SHB Victor Martinez
|
0-0: Ball 1-0: Ball 2-0: Foul Ball, location: 2F 2-1: Ball 3-1: Swinging Strike 3-2: SINGLE (Groundball, 34D, EV 100.6 MPH) Lorenzo Vasquez to third
|
|
Batting: SHB Plácido Barrrenho
|
0-0: Swinging Strike 0-1: Called Strike Victor Martinez steals 2nd base 0-2: Ball 1-2: Ball 2-2: Strikes out swinging
|
|
Batting: RHB Luwen Storm
|
0-0: Ball 1-0: Foul Ball, location: 2F 1-1: Foul Ball, location: 2F 1-2: Ball 2-2: Ball 3-2: Foul Ball, location: 2F 3-2: Base on Balls
|
|
Pitching: RHP Sid Lampone
|
|
|
Batting: LHB Roald Jacobs
|
0-0: Ball 1-0: Fielders Choice at 2nd, 6-4 (Groundball, 6, EV 78.8 MPH)
|
| Top of the 5th over - 0 runs, 2 hits, 0 errors, 3 left on base; Staten Island 1 - Everett 1 |
| BOTTOM OF THE 5TH |
|
Everett AquaSox batting - Pitching for Staten Island Yankees : RHP Jorge Aranda
|
|
Batting: RHB David Greene
|
0-0: Swinging Strike 0-1: Foul Ball, location: 2F 0-2: Ball 1-2: Strikes out swinging
|
|
Batting: RHB Houston Brock
|
0-0: Ball 1-0: Ball 2-0: Called Strike 2-1: Foul Ball, location: 2F 2-2: Foul Ball, location: 2F 2-2: Ground out 5-3 (Groundball, 56, EV 83.1 MPH)
|
|
Batting: RHB Mike Conaway
|
0-0: Called Strike 0-1: Ground out 4-3 (Groundball, 4, EV 81.9 MPH)
|
| Bottom of the 5th over - 0 runs, 0 hits, 0 errors, 0 left on base; Staten Island 1 - Everett 1 |
| TOP OF THE 6TH |
|
Staten Island Yankees batting - Pitching for Everett AquaSox : RHP Sid Lampone
|
|
Batting: LHB Tatsuo Yasui
|
0-0: Reached on error, E6 (Groundball, 6, EV 103.1 MPH)
|
|
Batting: LHB Claudio Kamminga
|
0-0: Ball 1-0: Called Strike 1-1: Ball 2-1: Ball 3-1: Base on Balls Tatsuo Yasui to second
|
|
Batting: LHB Mario Hurtado
|
0-0: Ball Tatsuo Yasui steals 3rd base 1-0: Called Strike 1-1: Grounds into double play, 4-6-3 (Groundball, 4, EV 98.8 MPH) Tatsuo Yasui scores
|
|
Batting: RHB Lorenzo Vasquez
|
0-0: Called Strike 0-1: Foul Ball, location: 2F 0-2: SINGLE (Groundball, 6MD, EV 98.1 MPH)
|
|
Batting: RHB Nick Massengale
|
0-0: Ball 1-0: Ground out 1-3 (Groundball, 13, EV 69.4 MPH)
|
| Top of the 6th over - 1 run, 1 hit, 1 error, 1 left on base; Staten Island 2 - Everett 1 |
| BOTTOM OF THE 6TH |
|
Everett AquaSox batting - Pitching for Staten Island Yankees : RHP Jorge Aranda
|
|
Batting: RHB Tze-meng Li
|
0-0: Foul Ball, location: 2F 0-1: DOUBLE (Groundball, 5L, EV 104.4 MPH)
|
|
Batting: RHB Chris Olheiser
|
0-0: Ball 1-0: Ball 2-0: Foul Ball, location: 2F 2-1: SINGLE (Groundball, 56D, EV 95.0 MPH) Tze-meng Li to third Runner from 3rd tries for Home, throw by LF and OUT! 7-2
|
|
Batting: LHB Taki Matsui
|
0-0: Called Strike 0-1: Called Strike 0-2: Ball 1-2: Strikes out swinging
|
|
Batting: RHB Victor Rosas
|
0-0: Foul Ball, location: 2F 0-1: Swinging Strike 0-2: Foul Ball, location: 2F 0-2: Ball 1-2: Strikes out swinging
|
| Bottom of the 6th over - 0 runs, 2 hits, 0 errors, 1 left on base; Staten Island 2 - Everett 1 |
| TOP OF THE 7TH |
|
Staten Island Yankees batting - Pitching for Everett AquaSox : RHP Sid Lampone
|
|
Batting: SHB Victor Martinez
|
0-0: Ball 1-0: Swinging Strike 1-1: Ball 2-1: Ball 3-1: Base on Balls
|
|
Batting: SHB Plácido Barrrenho
|
0-0: Sac Bunt to 2R - play at first, batter OUT! 2-4 Victor Martinez to second
|
|
Batting: RHB Luwen Storm
|
0-0: Ball 1-0: Ball 2-0: Ball 3-0: Base on Balls
|
|
Batting: LHB Roald Jacobs
|
0-0: Ball 1-0: Ball 2-0: Ball 3-0: Called Strike 3-1: Called Strike 3-2: Base on Balls Victor Martinez to third Luwen Storm to second
|
|
Batting: LHB Tatsuo Yasui
|
0-0: Grounds into fielders choice 4-2 (Groundball, 34S, EV 67.5 MPH) Luwen Storm to third Roald Jacobs to second
|
|
Batting: LHB Claudio Kamminga
|
0-0: Reached via error on a dropped throw from 1B, E1 (Groundball, 13, EV 82.5 MPH) Luwen Storm scores Roald Jacobs to third Tatsuo Yasui to second
|
|
Batting: LHB Mario Hurtado
|
0-0: Ball 1-0: Swinging Strike 1-1: SINGLE (Groundball, 4MD, EV 106.9 MPH) (infield hit) Roald Jacobs scores Tatsuo Yasui to third Claudio Kamminga to second
|
|
Pitching: RHP Dave McGee
|
|
|
Batting: RHB Lorenzo Vasquez
|
0-0: Fielders Choice at 2nd, 6-4 (Groundball, 6, EV 81.9 MPH)
|
| Top of the 7th over - 2 runs, 1 hit, 1 error, 3 left on base; Staten Island 4 - Everett 1 |
| BOTTOM OF THE 7TH |
|
Everett AquaSox batting - Pitching for Staten Island Yankees : RHP Jorge Aranda
|
|
Batting: RHB Heihachiro Fujita
|
0-0: Called Strike 0-1: Ball 1-1: Ball 2-1: Ball 3-1: Swinging Strike 3-2: Strikes out swinging
|
|
Batting: RHB Chris Van Niel
|
0-0: Fly out, F9 (Flyball, 89M, EV 90.0 MPH)
|
|
Batting: RHB David Greene
|
0-0: Ball 1-0: Foul Ball, location: 2F 1-1: Foul Ball, location: 2F 1-2: Ball 2-2: Strikes out swinging
|
| Bottom of the 7th over - 0 runs, 0 hits, 0 errors, 0 left on base; Staten Island 4 - Everett 1 |
| TOP OF THE 8TH |
|
Staten Island Yankees batting - Pitching for Everett AquaSox : RHP Dave McGee
|
|
Batting: RHB Nick Massengale
|
0-0: Ground out 5-3 (Groundball, 5, EV 88.8 MPH)
|
|
Batting: SHB Victor Martinez
|
0-0: Called Strike 0-1: Ground out 5-3 (Groundball, 5, EV 85.6 MPH)
|
|
Batting: SHB Plácido Barrrenho
|
0-0: Ball 1-0: Ball 2-0: Ball 3-0: Called Strike 3-1: Foul Ball, location: 2F 3-2: Strikes out swinging
|
| Top of the 8th over - 0 runs, 0 hits, 0 errors, 0 left on base; Staten Island 4 - Everett 1 |
| BOTTOM OF THE 8TH |
|
Everett AquaSox batting - Pitching for Staten Island Yankees : RHP Jorge Aranda
|
|
Pitching: LHP Ricky Espinoza
|
|
|
Batting: RHB Houston Brock
|
0-0: Called Strike 0-1: Ball 1-1: Ball 2-1: Foul Ball, location: 2F 2-2: Strikes out swinging
|
|
Batting: RHB Mike Conaway
|
0-0: Ball 1-0: Ball 2-0: Ball 3-0: Called Strike 3-1: SINGLE (Groundball, 6D, EV 102.5 MPH)
|
|
Batting: RHB Tze-meng Li
|
0-0: Called Strike 0-1: Ball 1-1: Ball 2-1: Called Strike 2-2: SINGLE (Groundball, 4MD, EV 109.4 MPH) Mike Conaway to second
|
|
Batting: RHB Chris Olheiser
|
0-0: Called Strike 0-1: Called Strike 0-2: Fielders Choice at 2nd, 4-6 (Groundball, 4, EV 84.4 MPH) Mike Conaway to third
|
|
Pinch Hitting: RHB Ivan Davila
|
0-0: Called Strike 0-1: Ball 1-1: Ball 2-1: Foul Ball, location: 2F 2-2: SINGLE (Groundball, 56D, EV 105.0 MPH) Mike Conaway scores Chris Olheiser to second
|
|
Batting: RHB Victor Rosas
|
0-0: Ball 1-0: Ball 2-0: Called Strike 2-1: Fielders Choice at 2nd, 6-4 (Groundball, 6, EV 110.0 MPH)
|
| Bottom of the 8th over - 1 run, 3 hits, 0 errors, 2 left on base; Staten Island 4 - Everett 2 |
| TOP OF THE 9TH |
|
Staten Island Yankees batting - Pitching for Everett AquaSox : RHP Dave McGee
|
|
Now at 1B: Ivan Davila
|
|
|
Batting: RHB Luwen Storm
|
0-0: Foul Ball, location: 2F 0-1: Ball 1-1: Foul Ball, location: 2F 1-2: Ball 2-2: Ball 3-2: Foul Ball, location: 2F 3-2: Strikes out swinging
|
|
Batting: LHB Roald Jacobs
|
0-0: Called Strike 0-1: Foul Ball, location: 2F 0-2: Ball 1-2: Ball 2-2: Strikes out looking
|
|
Batting: LHB Tatsuo Yasui
|
0-0: Swinging Strike 0-1: Foul Ball, location: 2F 0-2: Ball 1-2: Foul Ball, location: 2F 1-2: Ball 2-2: Ball 3-2: Strikes out swinging
|
| Top of the 9th over - 0 runs, 0 hits, 0 errors, 0 left on base; Staten Island 4 - Everett 2 |
| BOTTOM OF THE 9TH |
|
Everett AquaSox batting - Pitching for Staten Island Yankees : LHP Ricky Espinoza
|
|
Pitching: RHP Jay Brumfield
|
|
|
Batting: RHB Heihachiro Fujita
|
0-0: Ball 1-0: Swinging Strike 1-1: Ball 2-1: Foul Ball, location: 2F 2-2: Ball 3-2: Fly out, F9 (Line Drive, 9, EV 86.3 MPH)
|
|
Pinch Hitting: SHB Carlos Luna
|
0-0: Called Strike 0-1: Ball 1-1: Called Strike 1-2: SINGLE (Line Drive, 5L, EV 103.1 MPH)
|
|
Pinch Hitting: RHB Franklin Romero
|
0-0: Ball 1-0: Foul Ball, location: 2F 1-1: Called Strike 1-2: Strikes out looking
|
|
Batting: RHB Houston Brock
|
0-0: Ball 1-0: Ball 2-0: SINGLE (Line Drive, 5D, EV 96.3 MPH) Carlos Luna to second
|
|
Batting: RHB Mike Conaway
|
0-0: Ball 1-0: Ball 2-0: Ball 3-0: Fielders Choice at 2nd, 5-4 (Groundball, 56, EV 98.8 MPH)
|
| Bottom of the 9th over - 0 runs, 2 hits, 0 errors, 2 left on base; Staten Island 4 - Everett 2 |
|